cohdb
Replays
Latest Replays
All Replays
Popular Replays
Top Player Replays
Match Explorer
How It Works
Community
CoH3 Stats
Reddit
Sign in to upload your games and track your stats! →
Sign in with Steam
Match 44797861
Unlisted
Match 44797861
Overview
Messages
Build Orders
End
Vickers Machine Gun Team
Construct Section Command Post
Infantry Section
Infantry Section
Vickers Machine Gun Team
ML 3-inch Mortar Team
Construct Platoon Command Post
CMP 15cwt Truck
Royal Engineer Section
6-pounder Anti-tank Gun Team
CMP 15cwt Truck
Infantry Section
raptor1287
JusticeYeti
Fueled666
sushi_midnight
7 DIVISAO PHANTOM
Killerbees
Joraad
PUMMELGEDDON
0
0
Comments
sign in to comment!
No comments posted yet!